 Dungeon Crawl Stone Soup version 0.26.1 (webtiles) character file.

Game seed: 13409346824974642135

108 swilekon the Firebug (level 4, -5/24 HPs)
             Began as a Deep Elf Fire Elementalist on Feb 4, 2021.
             Killed by nerve-wracking pain
             ... invoked by Grinder
              (14 damage)
             ... on level 3 of the Dungeon.
             The game lasted 00:05:07 (2599 turns).

swilekon the Firebug (Deep Elf Fire Elementalist)   Turns: 2599, Time: 00:05:09

Health: -5/24      AC:  2    Str:  5    XL:     4   Next: 58%
Magic:  8/11       EV: 13    Int: 21    God:
Gold:   120        SH:  0    Dex: 15    Spells: 6/10 levels left

rFire    . . .     SeeInvis .   d - +0 dagger
rCold    . . .     Faith    .   (no shield)
rNeg     . . .     Spirit   .   a - +0 robe
rPois    .         Reflect  .   (no helmet)
rElec    .         Harm     .   (no cloak)
rCorr    .         Rampage  .   (no gloves)
Will     .....                  (no boots)
Stlth    ++........             (no amulet)
HPRegen  0.08/turn              (no ring)
MPRegen  0.12/turn              (no ring)

@: about to teleport
A: no striking features
a: no special abilities


You were on level 3 of the Dungeon.
You visited 1 branch of the dungeon, and saw 3 of its levels.

You collected 120 gold pieces.

Inventory:

Hand Weapons
 d - a +0 dagger (weapon)
Armour
 a - a +0 robe (worn)
Jewellery
 g - an uncursed ring of flight {unknown}
 k - an uncursed ring of see invisible {unknown}
Scrolls
 b - 4 scrolls of identify {unknown}
 e - 3 scrolls of teleportation
 h - a scroll of remove curse {unknown}
 l - a scroll of noise {unknown}
 n - a scroll of amnesia {unknown}
Potions
 c - a potion of mutation {unknown}
 f - 2 potions of flight {unknown}
 i - a potion of lignification {unknown}
 j - 2 potions of curing {unknown}
 m - a potion of attraction {unknown}


   Skills:
 + Level 3.2 Dodging
 + Level 3.3 Stealth
 + Level 3.7 Spellcasting
 + Level 2.1 Conjurations
 * Level 4.4 Fire Magic


You had 6 spell levels left.
You knew the following spells:

 Your Spells              Type           Power        Failure   Level
a - Foxfire               Conj/Fire      68%          3%          1
b - Inner Flame           Hex/Fire       13%          16%         3

Your spell library contained the following spells:

 Spells                   Type           Power        Failure   Level
 Conjure Flame            Conj/Fire      17%          10%         3
 Sticky Flame             Conj/Fire      17%          32%         4
 Fireball                 Conj/Fire      8%           65%         5


Dungeon Overview and Level Annotations

Branches:
Dungeon (3/15)

Altars:

Annotations:
D:3 Grinder


Message History

Grinder is lightly wounded.
You conjure some foxfire!
The foxfire hits Grinder but does no damage.
Grinder is lightly wounded.
The foxfire hits Grinder.
Grinder is moderately wounded.
Found 8 gold pieces.
You conjure some foxfire!
Grinder zaps a wand.
The puff of flame hits you!
The foxfire hits Grinder but does no damage.
Grinder is moderately wounded.
The foxfire hits Grinder but does no damage.
Grinder is moderately wounded.
You are too injured to fight recklessly!
As you read the scroll labelled KIANLA QUEZIW, it crumbles to dust.
You feel strangely unstable.
It was a scroll of teleportation.
Grinder says, "I used to sell toenails on the black market."
Grinder gestures at you. Pain shoots through your body!
Ouch! That really hurt!
You die...

#...........##.#
#...........##.#### # #
#...........##.#..#.#.# ###
##.#........#..#..#..> .... ##
#..........#......# . <....#.
#.#..............##....
.......###.......)..#...<.......
#..(...........#..######...
#.###....5@....#..# #.
#..............# ..
#.##.....)..##.# .#. #.
#........##... ..#.
............##.##. #.
...#..#...........# ..
..........##......
.$#..#.#.........# .
#......##........


You could see Grinder.

Vanquished Creatures
  Terence (D:2)
  2 adders (D:2)
  2 worms (D:2)
  A dart slug (D:1)
  4 leopard geckos
  2 giant cockroaches (D:2)
  10 goblins
  3 hobgoblins
  4 jackals (D:2)
  A quokka (D:2)
  5 bats
  4 frilled lizards
  8 kobolds
  6 rats
53 creatures vanquished.

Vanquished Creatures (others)
  186 foxfires
186 creatures vanquished.

Grand Total: 239 creatures vanquished

Notes
Turn   | Place    | Note
-------+----------+-------------------------------------------
     0 | D:1      | swilekon the Deep Elf Fire Elementalist began the quest for
                  | the Orb.
     0 | D:1      | Reached XP level 1. HP: 10/10 MP: 6/6
   220 | D:1      | Reached XP level 2. HP: 15/15 MP: 1/8
   968 | D:2      | Reached XP level 3. HP: 19/19 MP: 6/9
  1002 | D:2      | Learned a level 3 spell: Inner Flame
  1068 | D:2      | Reached skill level 4 in Fire Magic
  1627 | D:2      | Reached XP level 4. HP: 20/24 MP: 9/11
  1836 | D:2      | Found a faded altar of an unknown god.
  2060 | D:2      | Noticed Terence
  2456 | D:2      | Killed Terence
  2586 | D:3      | Noticed Grinder
  2599 | D:3      | Killed from afar by Grinder

Illustrated notes

Levels and vault maps discovered:
D:1:      dpeg_arrival_tiny_e, layout_rooms, hangedman_feature_mirror
D:2:      layout_loops_ring, chequers_ecumenical_altar_simple, uniq_terence
D:3:      layout_basic, uniq_grinder

Skill      XL: |  1  2  3  4 |
---------------+-------------+-----
Fire Magic     | 4 |  4.4
Stealth        | 3 |  3.3
Dodging        | 3 |  3.2
Conjurations   | 2 |  2.1
Spellcasting   | |  3.7

Action                   |  1- 3 |  4- 6 || total
-------------------------+-------+-------++-------
Melee: Dagger            |    17 |     1 ||    18
 Cast: Foxfire           |    84 |    31 ||   115
       Inner Flame       |     1 |       ||     1
  Use: Scroll            |       |     1 ||     1
 Stab: Sleeping          |     2 |       ||     2
Armor: Robe              |     9 |       ||     9
Dodge: Dodged            |    25 |     3 ||    28
